 Dungeon Crawl Stone Soup version 0.23.0 (webtiles) character file.

Game seed: 10843075464602732926

219 Laan the Chopper (level 5, -1/51 HPs)
             Began as a Naga Berserker on Feb 12, 2019.
             Was a Believer of Trog.
             Slain by a scorpion (8 damage)
             ... on level 4 of the Dungeon.
             The game lasted 00:05:32 (3749 turns).

Laan the Chopper (Naga Berserker)                   Turns: 3749, Time: 00:05:32

Health: -1/51      AC:  4    Str: 22 (25) XL:     5   Next: 96%
Magic:  5/5        EV:  9    Int:  6 (7)  God:    Trog [**....]
Gold:   93         SH:  0    Dex: 10 (11) Spells: 4/4 levels left

rFire    . . .     SeeInvis +   b - +1 hand axe (chop)
rCold    . . .     Gourm    .   (no shield)
rNeg     . . .     Faith    .   p - +0 ring mail
rPois    +         Spirit   .   (no helmet)
rElec    .         Reflect  .   (no cloak)
rCorr    .         Harm     .   (no gloves)
MR       .....                  (no barding)
Stlth    ..........             (no amulet)
HPRegen  0.17/turn              (no ring)
MPRegen  0.09/turn              l - ring of flight

@: mighty, lethally poisoned (-1 -> -12), very slow
A: large, see invisible, deformed body, poison resistance, slowness 2, slow
metabolism 1, spit poison 1, AC +1
a: Spit Poison, Berserk, Trog's Hand, Renounce Religion, Evoke Flight


You were on level 4 of the Dungeon.
You worshipped Trog.
Trog was pleased with you.
You were not hungry.

You visited 1 branch of the dungeon, and saw 4 of its levels.

You collected 93 gold pieces.

Inventory:

Hand Weapons
 a - a +0 hand axe
 b - a +1 hand axe of chopping (weapon)
Armour
 p - a +0 ring mail (worn)
Jewellery
 j - an uncursed amulet of regeneration {unknown}
 l - a ring of flight (right hand)
Scrolls
 e - 2 scrolls of remove curse
 f - a scroll of fear {unknown}
 i - a scroll of enchant weapon {unknown}
 k - a scroll of teleportation {unknown}
 o - 4 scrolls of identify {unknown}
 s - a scroll of magic mapping {unknown}
Potions
 d - a potion of degeneration
 h - a potion of curing {unknown}
 n - a potion of haste
 q - a potion of flight {unknown}
 r - a potion of lignification {unknown}
Comestibles
 c - 4 rations
 m - 4 chunks of flesh


   Skills:
 + Level 4.3 Fighting
 * Level 5.5 Axes
 - Level 1.5 Armour
 - Level 1.5 Dodging


You had 4 spell levels left.
You didn't know any spells.
Your spell library was empty.

Dungeon Overview and Level Annotations

Branches:
Dungeon (4/15)             Temple (0/1) D:4

Altars:
Dithmenos


Innate Abilities, Weirdness & Mutations

You cannot wear boots.
Your serpentine skin is tough. (AC +1)
You have supernaturally acute eyesight. (SInv)
Armour fits poorly on your strangely shaped body.
Your system is resistant to poisons. (rPois)
You cover ground very slowly.
You have a slow metabolism.
You can spit poison.


Message History

You hit the scorpion but do no damage.
The scorpion is severely wounded.
* * * LOW HITPOINT WARNING * * *
You feel sick.
The scorpion stings you but does no damage.
You hit the scorpion.
The scorpion is severely wounded.
* * * LOW HITPOINT WARNING * * *
You feel sick. The scorpion stings you.
* * * LOW HITPOINT WARNING * * *
It was a potion of degeneration.
There was something very wrong with that liquid.
You feel weakened.
You feel dopey.
You feel clumsy.
* * * LOW HITPOINT WARNING * * *
You feel sick. The scorpion completely misses you.
It was a potion of might.
You feel very mighty all of a sudden.
* * * LOW HITPOINT WARNING * * *
You feel sick. The scorpion stings you!
You die...

. .. #.##....
#.##[ #......#
.#%. ## ####..##
... #. #..## # ..
# #. #...+ #.. #.
.#.# #...#
.#...#.## #..#
##..#
..$.....###..#
#..#
).).....s@...#
#..)
........###.##
##.# .#...#.##
#.# ######.#
.....#. #.#
#.....<. .### #.
###.### #.######
#. #.....# #.# #
#.##.....#####.##
#
#.........>.....#
#
####.....#####..#
#


You could see a scorpion.

Vanquished Creatures
  A hound (D:4)
  An iguana (D:4)
  A worker ant (D:4)
  7 adders
  6 worms
  A dart slug (D:1)
  2 leopard geckos
  5 orcs
  3 giant cockroaches
  5 goblins
  2 hobgoblins (D:2)
  6 jackals
  4 kobolds
  A quokka (D:3)
  8 bats
  3 frilled lizards (D:2)
  4 rats
60 creatures vanquished.

Notes
Turn   | Place    | Note
-------+----------+-------------------------------------------
     0 | D:1      | Laan the Naga Berserker began the quest for the Orb.
     0 | D:1      | Reached XP level 1. HP: 21/21 MP: 1/1
    83 | D:1      | Reached XP level 2. HP: 28/28 MP: 2/2
   198 | D:1      | You fall through a shaft!
   441 | D:2      | Reached XP level 3. HP: 16/34 MP: 3/3
   771 | D:2      | Reached skill level 4 in Axes
  1452 | D:2      | Reached XP level 4. HP: 34/44 MP: 4/4
  1893 | D:2      | Reached ** piety under Trog
  3010 | D:3      | Reached XP level 5. HP: 29/50 MP: 5/5
  3282 | D:3      | Reached skill level 5 in Axes
  3292 | D:3      | Found a shadowy altar of Dithmenos.
  3608 | D:4      | Found a staircase to the Ecumenical Temple.
  3749 | D:4      | Slain by a scorpion

Skill      XL: |  1  2  3  4  5 |
---------------+----------------+-----
Axes           | 4 5 |  5.5
Fighting       | 4 |  4.3
Armour         | |  1.5
Dodging        | |  1.5

Action                   |  1- 3 |  4- 6 || total
-------------------------+-------+-------++-------
Melee: Hand axe          |    98 |   133 ||   231
Invok: Berserk           |     2 |     3 ||     5
  Use: Scroll            |       |     2 ||     2
       Potion            |       |     4 ||     4
 Stab: Sleeping          |     1 |       ||     1
  Eat: Chunk             |     3 |     5 ||     8
       Ration            |       |     1 ||     1
Armor: Animal skin       |    20 |     8 ||    28
       Ring mail         |       |    19 ||    19
       Leather armour    |       |     1 ||     1
Dodge: Dodged            |    62 |    52 ||   114
